Map: Torches LE

Players

ManlyManMeat

  • Race: Protoss Protoss
  • League: Platinum
  • Spawn Location: 5:00

VOD

Have the link to the VOD?

Description

Time

  • Played on: June 20, 2025, 5:40 a.m.
  • Length: 23:42
Show
View Real Time Build Order
Export as new Build Order

ManlyManMeat Protoss 

Build Orders:  

Get SALT Encoding   

  1  0:00  Probe (Chrono Boost)  
  12  0:09  Probe (Chrono Boost)  
  14  0:22  Probe (Chrono Boost)  
  15  0:30  Pylon  
  15  0:40  Assimilator  
  15  0:57  Probe (Chrono Boost)  
  16  1:03  Gateway  
  16  1:14  Probe (Chrono Boost)  
  16  1:18  Assimilator  
  17  1:29  Probe (Chrono Boost)  
  18  1:40  Probe (Chrono Boost)  
  19  1:51  Probe (Chrono Boost)  
  20  2:08  Probe (Chrono Boost)  
  21  2:12  Cybernetics Core  
  21  2:25  Probe (Chrono Boost)  
  22  2:45  Nexus  
  22  3:14  Stargate  
  22  3:15  Stargate  
  22  3:34  Stargate  
  22  3:45  Probe (Chrono Boost)  
  22  3:48  Pylon  
  23  4:13  Stargate  
  23  4:14  Probe (Chrono Boost)  
  24  4:26  Probe (Chrono Boost)  
  25  4:36  Probe (Chrono Boost)  
  25  4:37  Probe (Chrono Boost)  
  26  4:47  Probe (Chrono Boost)  
  26  4:48  Probe (Chrono Boost)  
  29  5:17  Probe (Chrono Boost)  
  29  5:18  Probe (Chrono Boost)  
  29  5:19  Assimilator  
  31  5:22  Assimilator  
  31  5:34  Fleet Beacon, Probe x2 (Chrono Boost)  
  35  5:51  Probe x2 (Chrono Boost)  
  39  6:06  Probe (Chrono Boost)  
  39  6:07  Probe (Chrono Boost)  
  37  6:10  Pylon  
  37  6:14  Pylon  
  37  6:18  Probe x2 (Chrono Boost)  
  47  8:56  Tempest  
  47  8:59  Oracle  
  39  9:00  Phoenix, Void Ray  
  39  9:06  Stalker  
  54  9:26  Gateway  
  54  9:34  Carrier  
  54  9:37  Gateway  
  54  9:40  Gateway  
  54  9:51  Pylon  
  54  9:54  Pylon  
  54  10:09  Void Ray  
  68  10:42  Void Ray  
  68  10:43  Void Ray  
  72  11:26  Carrier  
  67  12:16  Pylon  
  73  12:23  Pylon  
  73  12:29  Void Ray  
  77  12:41  Phoenix  
  79  14:19  Carrier  
  79  14:20  Carrier  
  79  14:43  Pylon  
  79  14:53  Pylon  
  79  14:59  Pylon  
  79  15:00  Protoss Air Weapons Level 1  
  91  15:16  Stargate  
  91  15:18  Stargate  
  91  15:19  Stargate  
  91  15:22  Stargate  
  91  15:26  Stargate  
  91  15:28  Stargate  
  91  15:30  Stargate  
  91  15:35  Stargate x2  
  91  16:00  Nexus  
  91  16:16  Nexus  
  91  16:24  Nexus  
  91  16:36  Nexus  
  91  16:41  Assimilator  
  91  16:46  Assimilator x2  
  91  16:53  Assimilator  
  91  16:56  Pylon  
  91  16:58  Pylon  
  91  17:00  Pylon  
  91  17:01  Pylon  
  91  17:06  Pylon  
  91  17:11  Pylon  
  91  17:13  Assimilator  
  91  17:18  Assimilator  
  94  17:40  Protoss Air Armor Level 1  
  91  18:02  Probe (Chrono Boost)  
  91  18:03  Probe (Chrono Boost)  
  91  18:05  Probe x2 (Chrono Boost)  
  95  18:13  Probe (Chrono Boost)  
  95  18:14  Probe (Chrono Boost)  
  95  18:16  Probe (Chrono Boost)  
  99  18:21  Probe (Chrono Boost)  
  99  18:26  Probe x3 (Chrono Boost)  
  99  18:28  Probe (Chrono Boost)  
  101  18:38  Probe (Chrono Boost)  
  104  18:41  Probe (Chrono Boost)  
  104  18:43  Probe x2 (Chrono Boost)  
  108  18:51  Probe (Chrono Boost)  
  108  18:55  Probe (Chrono Boost)  
  108  18:58  Probe (Chrono Boost)  
  112  19:00  Probe x2 (Chrono Boost)  
  112  19:08  Probe (Chrono Boost)  
  113  19:55  Probe (Chrono Boost)  
  113  19:56  Probe x3 (Chrono Boost)  
  113  19:57  Probe (Chrono Boost)  
  118  20:07  Probe x3 (Chrono Boost)  
  118  20:08  Probe x2 (Chrono Boost)  
  123  23:18  Cybernetics Core  
Tags
 
League
Platinum
Matchup
Co-op
Replay Pack
Myownreplay2
Add a new tag
Caveats
  • Supply blocks, unpowered buildings, or Contaminate may cause inaccurate times.
  • Supply counts are checked every 10 seconds.